 Dungeon Crawl Stone Soup version 0.18-a0-1805-g8ab820f (webtiles) character file.

210 eljoo the Sneak (level 6, -1/42 HPs)
             Began as a Formicid Earth Elementalist on Apr 24, 2016.
             Slain by a worker ant (6 damage)
             ... on level 3 of the Dungeon on Apr 25, 2016.
             The game lasted 01:29:49 (3674 turns).

eljoo the Sneak (Formicid Earth Elementalist)       Turns: 3674, Time: 01:29:50

Health: -1/42      AC:  3    Str:  9 (12) XL:     6   Next: 12%
Magic:  11/11      EV: 13    Int: 16 (17) God:
Gold:   231        SH:  0    Dex:  8 (11) Spells: 2 memorised, 6 levels left

rFire  . . .     SeeInvis +     a - +0 whip (venom)
rCold  . . .     Gourm    .     B - +0 robe
rNeg   . . .     Faith    .     (no shield)
rPois  .         Spirit   .     (helmet unavailable)
rElec  .         Dismiss  .     (no cloak)
rCorr  .         Reflect  .     (no gloves)
SustAt .         Harm     .     s - +0 pair of boots
MR     .....                    D - amulet of magic regeneration
Stlth  +++.......               u - +4 ring of slaying
                                t - +1 ring of evasion

@: lethally poisoned (-1 -> -12), not resistant to hostile enchantments, fairly
stealthy
A: permanent stasis, dig shafts and tunnels, four strong arms, antennae 3
a: Dig, Shaft Self


You were on level 3 of the Dungeon.
You were very hungry.

You visited 1 branch of the dungeon, and saw 4 of its levels.

You collected 231 gold pieces.

Inventory:

Hand Weapons
 a - a +0 whip of venom (weapon)
 v - a +0 short sword
Missiles
 b - 31 stones (quivered)
Armour
 s - a +0 pair of boots (worn)
 B - a +0 robe (worn)
Jewellery
 t - a +1 ring of evasion (left hand)
 u - a +4 ring of slaying (right hand)
 D - an amulet of magic regeneration (around neck)
Scrolls
 e - a scroll of noise
 f - a scroll of amnesia
 h - 6 scrolls of identify
 k - a scroll of random uselessness {unknown}
 l - a scroll of recharging
 w - a scroll of fear {unknown}
 y - 2 scrolls of remove curse
 A - a scroll of blinking {unknown}
Potions
 g - a potion of heal wounds {unknown}
 i - a potion of haste {unknown}
 n - a potion of lignification {unknown}
 o - a potion of flight {unknown}
 q - 3 potions of magic
 r - a potion of cancellation
 x - a potion of resistance {unknown}
 z - a potion of mutation {unknown}
Books
 c - a book of Geomancy

   Spells                             Type                      Level
   a - Sandblast                      Earth                        1
   b - Passwall                       Transmutation/Earth          2
   c - Stone Arrow                    Conjuration/Earth            3
   d - Petrify                        Transmutation/Earth          4
   e - Lee's Rapid Deconstruction     Earth                        5
Comestibles
 d - 3 bread rations
 j - a slice of pizza
 C - a meat ration


   Skills:
 + Level 0.7 Fighting
 + Level 1.0 Maces & Flails
 - Level 1.8 Dodging
 - Level 5.2 Stealth
 + Level 3.4 Spellcasting
 - Level 1.1 Transmutations
 * Level 4.9 Earth Magic


You had 6 spell levels left.
You knew the following spells:

 Your Spells              Type           Power        Failure   Level  Hunger
a - Sandblast             Erth           ###...       2%          1    None
b - Petrify               Trmt/Erth      ##......     63%         4    ####...


Dungeon Overview and Level Annotations

Branches:
Dungeon (4/15)
 Temple: D:4-7

Altars:
Elyvilon

Annotations:
D:4 Natasha; Sigmund; eragonby's ghost, novice GrFi


Innate Abilities, Weirdness & Mutations

You are under a permanent stasis effect.
You can dig through walls and to a lower floor.
Your four strong arms can wield two-handed weapons with a shield.
You have a pair of large antennae on your head (SInv).


Message History

The blast of sand hits the worker ant.
The worker ant is heavily wounded.
You feel sick. The worker ant bites you. x2
You feel sick.
Drink which item? (? for menu, Esc to quit)
It was a potion of magic.
Magic courses through your body.
You feel sick. The worker ant bites you.
You are more poisoned.
The worker ant poisons you!
Drink which item? (? for menu, Esc to quit)
It was a potion of cancellation.
You feel magically purged.
You feel sick. The worker ant bites you!
* * * LOW HITPOINT WARNING * * *
Drink which item? (? for menu, Esc to quit)
It was a potion of degeneration.
There was something very wrong with that liquid.
You feel weakened.
You feel dopey.
You feel clumsy.
* * * LOW HITPOINT WARNING * * *
You feel sick. The worker ant bites you.
You die...

....#................#.###
.............#.......#.#
.#..##.......#...#.#.#.#
.............#...#.#.#[#
.#..##'###'#.#...#.#.#.#
.#.........#.#.....#.#.#
.##........#.#.....#.#.# #####
..#........#.###a#.#.#.# #...#
..#........#.###@#.#.#.######.#.#
..#..............#.#.#..........#
..#..............#.#.#.######.###
..#.............##.#.#.# #.#
..#.......##....##.#.### #.#
..#.......##....##.#.# #.#
..#................#.# #.#
..#.....#.####.###.#.########.#
.##.......##..................#


You could see a worker ant.

Vanquished Creatures
  A scorpion (D:4)
  A hound skeleton (D:3)
  6 adders
  An ooze (D:2)
  An adder skeleton (D:4)
  3 worms
  3 dart slugs (D:2)
  4 giant geckos
  An orc (D:3)
  8 bats
  3 giant cockroaches
  4 goblins
  4 hobgoblins
  6 jackals
  9 kobolds
  2 quokkas
  2 ball pythons (D:2)
  A giant gecko skeleton (D:4)
  A giant newt (D:2)
  9 rats
  2 bushes (D:4)
72 creatures vanquished.

Notes
Turn   | Place    | Note
--------------------------------------------------------------
     0 | D:1      | eljoo the Formicid Earth Elementalist began the quest for the Orb.
     0 | D:1      | Reached XP level 1. HP: 13/13 MP: 3/3
     2 | D:1      | Noticed a human
     2 | D:1      | Noticed a dwarf
     4 | D:1      | Noticed a naga
     4 | D:1      | Noticed a vine stalker
     6 | D:1      | Noticed a ghoul
     6 | D:1      | Noticed a draconian
     8 | D:1      | Noticed a felid
     8 | D:1      | Noticed a merfolk
    10 | D:1      | Noticed an elf
    12 | D:1      | Noticed a spriggan
    12 | D:1      | Noticed a gargoyle
    14 | D:1      | Noticed a formicid
    16 | D:1      | Noticed a minotaur
    16 | D:1      | Noticed an ogre
    18 | D:1      | Noticed a halfling
    20 | D:1      | Noticed an octopode
    20 | D:1      | Noticed a demigod
    22 | D:1      | Noticed a centaur
    24 | D:1      | Noticed a vampire
    24 | D:1      | Noticed a tengu
    26 | D:1      | Noticed a troll
    26 | D:1      | Noticed a demonspawn
   187 | D:1      | Upgraded the game from 0.18-a0-1800-gdc7a371 to 0.18-a0-1805-g8ab820f
   196 | D:1      | Reached XP level 2. HP: 14/19 MP: 0/5
   320 | D:1      | Reached skill level 3 in Stealth
   922 | D:2      | Reached XP level 3. HP: 24/24 MP: 4/6
  1124 | D:2      | Found a faded altar to an unknown god.
  1389 | D:2      | Reached XP level 4. HP: 30/30 MP: 2/8
  1508 | D:2      | Reached skill level 4 in Stealth
  2061 | D:3      | Reached XP level 5. HP: 35/35 MP: 9/9
  2627 | D:3      | Reached skill level 5 in Stealth
  2900 | D:4      | Noticed Natasha
  2919 | D:4      | Found a white marble altar of Elyvilon.
  3016 | D:4      | Learned a level 4 spell: Petrify
  3084 | D:4      | Noticed Sigmund
  3292 | D:4      | Reached XP level 6. HP: 42/42 MP: 9/11
  3296 | D:4      | Noticed eragonby's ghost (novice GrFi)
  3299 | D:4      | Noticed an ogre
  3456 | D:4      | Reached skill level 1 in Maces & Flails
  3674 | D:3      | Slain by a worker ant

Vault maps used:
D:1:      kb_arrival_jail, serial_park_tiny_pond
D:2:      serial_glass, glass_columns_b, glass_columns_c, ecumenical_altar_1
D:4:      elyvilon_altar_1, first_bread, uniq_sigmund, uniq_edmund, uniq_natasha

Skill      XL: |  1  2  3  4  5  6 |
---------------+-------------------+-----
Stealth        | 3 4 5 |  5.2
Earth Magic    | 4 |  4.9
Spellcasting   | 3 |  3.4
Maces & Flails | 1 |  1.0
Fighting       | |  0.7
Dodging        | |  1.8
Transmutations | |  1.1

Action                   |  1- 3 |  4- 6 || total
-------------------------+-------+-------++-------
Melee: Unarmed           |    17 |       ||    17
       Short sword       |       |    12 ||    12
       Whip              |       |   119 ||   119
 Cast: Sandblast         |    59 |    32 ||    91
  Use: Scroll            |       |     6 ||     6
       Potion            |       |     3 ||     3
 Stab: Sleeping          |     2 |     6 ||     8
       Distracted        |       |     1 ||     1
  Eat: Chunk             |     2 |     6 ||     8
Armor: Robe              |    11 |     7 ||    18
Dodge: Dodged            |    25 |    49 ||    74
